 Dungeon Crawl Stone Soup version 0.31-a0-618-g7ca08c1ff9 (webtiles) character file.

Game seed: 4522792402675964285

188 greenwhat the Covered (level 5, -18/46 HPs)
             Began as a Hill Orc Fighter on Apr 22, 2021.
             Was an Initiate of Trog.
             Demolished by an ogre
             ... wielding a +0 giant spiked club
              (21 damage)
             ... on level 4 of the Dungeon on Aug 23, 2023.
             The game lasted 00:36:17 (3030 turns).

greenwhat the Covered (Hill Orc Fighter)            Turns: 3030, Time: 00:36:17

Health: -18/46     AC:  7    Str: 21    XL:     5   Next: 67%
Magic:  0/5        EV:  8    Int:  8    God:    Trog [......]
Gold:   127        SH:  8    Dex: 10    Spells: 4/4 levels left

rFire   . . .        s - +0 spear
rCold   . . .        c - +0 kite shield
rNeg    . . .        b - +0 scale mail
rPois   .            (no helmet)
rElec   .            (no cloak)
rCorr   .            (no gloves)
SInv    .            (no boots)
Will    .....        h - amulet of guardian spirit Stlth
                     (no ring)
HPRegen 0.27/turn    (no ring)
MPRegen 0.09/turn

%: guardian spirit
@: no status effects
A: no striking features
a: Renounce Religion


You were on level 4 of the Dungeon.
You worshipped Trog.
Trog was noncommittal.
You visited 1 branch of the dungeon, and saw 4 of its levels.

You collected 127 gold pieces.

Inventory:

Hand Weapons
 a - a +0 long sword
 f - a +0 club
 g - a +0 dagger
 i - a +0 dagger
 n - a +0 dagger
 o - a +0 whip
 r - a +0 sling
 s - a +0 spear (weapon)
 t - a +0 hand axe
 v - a +0 dagger
 w - a +0 club
 x - a +0 whip
 y - a +0 club
 A - a +0 dagger
 B - a +0 dagger
 F - a +0 mace
 G - a +0 hand axe
 H - a +0 club
 I - a +0 war axe
 K - a +0 dagger
Missiles
 p - 20 arrows
 q - 58 stones (quivered)
 D - 2 poisoned darts
Armour
 b - a +0 scale mail (worn)
 c - a +0 kite shield (worn)
 d - a +0 animal skin
 u - an orb of energy
 J - a +0 robe
 L - a +0 ring mail
Jewellery
 h - an amulet of guardian spirit (around neck)
Scrolls
 z - a scroll of fog
 C - 2 scrolls of identify {unknown}
Potions
 j - 2 potions of heal wounds {unknown}
 k - a potion of curing {unknown}
 l - a potion of brilliance {unknown}
 m - a potion of lignification {unknown}


   Skills:
 + Level 4.1 Fighting
 + Level 2.5 Long Blades
 + Level 2.7 Polearms
 + Level 0.5 Ranged Weapons
 + Level 0.1 Throwing
 + Level 4.8 Armour
 + Level 0.7 Dodging
 + Level 3.8 Shields


You had 4 spell levels left.
You didn't know any spells.
Your spell library was empty.

Dungeon Overview and Level Annotations

Branches:
Dungeon (4/15)
 Temple: D:4-7

Altars:
Trog


Message History

Aim: an ogre, wielding a +0 giant spiked club (lightly wounded, about 24% to evade your +0 spear)
You barely miss the ogre.
The ogre is lightly wounded.
You block the ogre's attack.
Reach: s) +0 spear
Press: ? - help, Dir - move target, f/p - ogre
Aim: an ogre, wielding a +0 giant spiked club (lightly wounded, about 24% to evade your +0 spear)
You hit the ogre.
The ogre is moderately wounded.
Reach: s) +0 spear
Press: ? - help, Dir - move target, f/p - ogre
Aim: an ogre, wielding a +0 giant spiked club (moderately wounded, about 24% to evade your +0 spear)
You hit the ogre but do no damage.
The ogre is moderately wounded.
The ogre hits you with a +0 giant spiked club!!
Reach: s) +0 spear
Press: ? - help, Dir - move target, f/p - ogre
Aim: an ogre, wielding a +0 giant spiked club (moderately wounded, about 24% to evade your +0 spear)
You barely miss the ogre.
The ogre is moderately wounded.
The ogre barely misses you.
The air fills with toxic fumes!
As you read the scroll of poison, it crumbles to dust.
You block the ogre's attack.
Reach: s) +0 spear
Press: ? - help, Dir - move target, f/p - ogre
Aim: an ogre, wielding a +0 giant spiked club (lightly wounded, about 24% to evade your +0 spear)
You hit the ogre but do no damage.
The ogre is lightly wounded.
Reach: s) +0 spear
Press: ? - help, Dir - move target, f/p - ogre
Aim: an ogre, wielding a +0 giant spiked club (lightly wounded, about 24% to evade your +0 spear)
You hit the ogre.
The ogre is moderately wounded.
The ogre hits you with a +0 giant spiked club!!
* * * LOW HITPOINT WARNING * * *
Unknown command.
It was a potion of magic.
Magic courses through your body.
The ogre hits you with a +0 giant spiked club!!
You die...

#.# #.# ## ### #§# #.#
#. ..# #§# #.# #. #.#
#§# #.# #[ #.# #§# #.#
#. #.# #§# #.# #.
##.#########§###§#
##.###.<.§§§§§§§§§§§§§#
.........§§§§§§O@§#####
...###...########## ###
#####


You could see an ogre.

Vanquished Creatures
  Natasha (thrice) (D:3)
  4 adders
  2 orcs (D:3)
  5 endoplasms
  4 giant cockroaches
  10 goblins
  10 hobgoblins
  6 jackals
  4 kobolds
  6 quokkas
  2 ball pythons
  4 bats
  4 frilled lizards
  3 rats
67 creatures vanquished.

Notes
Turn   | Place    | Note
-------+----------+-------------------------------------------
     0 | D:1      | greenwhat the Hill Orc Fighter began the quest for the Orb.
     0 | D:1      | Reached XP level 1. HP: 19/19 MP: 1/1
     0 | D:1      | Upgraded the game from 0.27-a0-1060-gcb85b5eba1 to
                  | 0.31-a0-618-g7ca08c1ff9
   213 | D:1      | Reached XP level 2. HP: 20/27 MP: 0/2
   566 | D:1      | Reached XP level 3. HP: 27/33 MP: 3/3
  1006 | D:2      | Reached skill level 1 in Polearms
  1076 | D:2      | Reached XP level 4. HP: 40/40 MP: 4/4
  1404 | D:3      | Noticed Natasha
  1419 | D:3      | Killed Natasha
  1955 | D:3      | Noticed Natasha
  1970 | D:3      | Killed Natasha
  1971 | D:3      | Reached XP level 5. HP: 30/46 MP: 5/5
  2318 | D:3      | Noticed Natasha
  2345 | D:3      | Killed Natasha
  2807 | D:3      | Found a bloodstained altar of Trog.
  2854 | D:3      | Became a worshipper of Trog the Wrathful
  3005 | D:4      | Noticed an ogre
  3030 | D:4      | Demolished by an ogre

Illustrated notes

Levels and vault maps discovered:
D:1:      lightli_arrival_chessboard, layout_basic, eino_curves_02,
          nrook_campfire, minmay_splitting_lines, fountainhead,
          minmay_misc_feat_plants
D:2:      layout_loops_cross
D:3:      layout_basic, trog_hazing_becter, zin_angel, solitary_fountain,
          uniq_natasha
D:4:      layout_loops_ring, roderic_roman_lattice, kennysheep_generic_room_11,
          uniq_eustachio, uniq_edmund

Skill      XL: |  1  2  3  4 |
---------------+-------------+-----
Fighting       | 4 |  4.1
Armour         | 4 |  4.8
Polearms       | 1 2 |  2.7
Long Blades    | |  2.5
Ranged Weapons | |  0.5
Throwing       | |  0.1
Dodging        | |  0.7
Shields        | |  3.8

Action                     |  1- 3 |  4- 6 || total
---------------------------+-------+-------++-------
  Melee: Long sword        |    79 |       ||    79
         Spear             |    46 |   188 ||   234
   Fire: Sling             |       |     3 ||     3
  Throw: Stone             |     2 |    11 ||    13
    Use: Scroll            |     1 |     4 ||     5
         Potion            |     1 |     3 ||     4
 Armour: Scale mail        |    62 |    57 ||   119
  Dodge: Dodged            |    51 |    74 ||   125
  Block: Kite shield       |    65 |    71 ||   136

Table legend: (Time is in decaauts)
 A = Elapsed time spent in this place.
 B = Non-inter-level travel time spent in this place.
 C = Inter-level travel time spent in this place.
 D = Time resting spent in this place.
 E = Time spent auto-exploring this place.
 F = Levels seen in this place.
 G = Mean time per level.
                   A        B        C        D        E       F      G
               +--------+--------+--------+--------+--------+-----+--------+
         Total |   3100 |   3089 |     11 |      0 |      0 |   4 |  775.0 |
       Dungeon |   3100 |   3089 |     11 |      0 |      0 |   4 |  775.0 |
               +--------+--------+--------+--------+--------+-----+--------+

Top non-repeatable levels by time:
     D:3: 1250 daAuts
     D:1: 936 daAuts
     D:2: 807 daAuts
     D:4: 105 daAuts
